PA-
QUEBEC CITY BABY BLUES @ HUDSONVILLE FLANDERSES
06/05/2050
 
TOP OF THE 1ST
Quebec City Baby Blues batting - Pitching for Hudsonville Flanderses : RHP Thaddeus Alambra
Pitching: RHP Thaddeus Alambra
Batting: RHB César Pérez 0-0: Ball
1-0: Foul Ball, location: 2F
1-1: Ball
2-1: Foul Ball, location: 2F
2-2: Ground out 5-3 (Groundball, 56S, EV 87.5 MPH)
Batting: SHB John Robinson 0-0: Swinging Strike
0-1: Ball
1-1: Foul Ball, location: 2F
1-2: Ball
2-2: Foul Ball, location: 2F
2-2: Strikes out looking
Batting: LHB Pete Black 0-0: Ball
1-0: Called Strike
1-1: SINGLE (Groundball, 6S, EV 70.6 MPH) (infield hit)
Batting: RHB Iván Vega 0-0: Ball
1-0: Foul Ball, location: 2F
1-1: Called Strike
1-2: Ball
2-2: Ball
3-2: Foul Ball, location: 2F
3-2: DOUBLE (Line Drive, 78D, EV 110.0 MPH)
Pete Black to third
Pete Black scores
Batting: LHB Esteban Reyes 0-0: Called Strike
0-1: Ball
1-1: Foul Ball, location: 2F
1-2: Ball
2-2: Foul Ball, location: 2F
2-2: Ball
3-2: Base on Balls
Batting: LHB Andrew King 0-0: Called Strike
0-1: Ball
1-1: Ball
2-1: Ball
3-1: Called Strike
3-2: Base on Balls
Iván Vega to third
Esteban Reyes to second
Batting: RHB António López 0-0: Swinging Strike
0-1: Swinging Strike
0-2: Foul Ball, location: 2F
0-2: Ball
1-2: Foul Ball, location: 2F
1-2: Strikes out swinging
Top of the 1st over - 1 run, 2 hits, 0 errors, 3 left on base; Quebec City 1 - Hudsonville 0
BOTTOM OF THE 1ST
Hudsonville Flanderses batting - Pitching for Quebec City Baby Blues : RHP Daniel Copeland
Pitching: RHP Daniel Copeland
Batting: RHB Qing-lai Li 0-0: Foul Ball, location: 2F
0-1: Foul Ball, location: 2F
0-2: Ground out 5-3 (Groundball, 56, EV 93.8 MPH)
Batting: RHB Tung-chi Zhào 0-0: Ball
1-0: Ball
2-0: Swinging Strike
2-1: DOUBLE (Line Drive, 7LS, EV 90.6 MPH)
Batting: RHB Richie Vickers 0-0: Foul Ball, location: 2F
0-1: Foul Ball, location: 2F
0-2: Ball
1-2: Ball
2-2: Strikes out swinging
Batting: RHB Ricardo Garza 0-0: Ball
1-0: Foul Ball, location: 2F
1-1: Ball
2-1: Foul Ball, location: 2F
2-2: 2-RUN HOME RUN (Line Drive, 78XD, EV 114.4 MPH), Distance : 443 ft
Batting: RHB Jen-ta Wu 0-0: Called Strike
0-1: Foul Ball, location: 2F
0-2: Strikes out swinging
Bottom of the 1st over - 2 runs, 2 hits, 0 errors, 0 left on base; Quebec City 1 - Hudsonville 2
TOP OF THE 2ND
Quebec City Baby Blues batting - Pitching for Hudsonville Flanderses : RHP Thaddeus Alambra
Batting: RHB Jesús Rivera 0-0: SINGLE (Groundball, 4MD, EV 108.8 MPH)
Batting: SHB Vicente Padno 0-0: Called Strike
0-1: Foul Ball, location: 2F
0-2: SINGLE (Line Drive, 7S, EV 103.8 MPH)
Jesús Rivera to second
Batting: RHB César Pérez 0-0: Ball
1-0: Ball
2-0: Fly out, F7 (Line Drive, 78M, EV 90.0 MPH)
Batting: SHB John Robinson 0-0: Foul Ball, location: 2F
0-1: Fly out, F7 (Flyball, 78M, EV 97.5 MPH)
Batting: LHB Pete Black 0-0: Ball
1-0: Foul Ball, location: 2F
1-1: DOUBLE (Line Drive, 3D, EV 105.0 MPH)
Jesús Rivera scores
Vicente Padno to third
Runner from 3rd tries for Home, SAFE, throw by RF to trailing runner, SAFE at third!
Batting: RHB Iván Vega 0-0: Swinging Strike
0-1: Foul Ball, location: 2F
0-2: Ball
1-2: Foul Ball, location: 2F
1-2: Ball
2-2: Strikes out looking
Top of the 2nd over - 2 runs, 3 hits, 0 errors, 1 left on base; Quebec City 3 - Hudsonville 2
BOTTOM OF THE 2ND
Hudsonville Flanderses batting - Pitching for Quebec City Baby Blues : RHP Daniel Copeland
Batting: RHB Josh Miller 0-0: Ball
1-0: Ball
2-0: Called Strike
2-1: Ball
3-1: Base on Balls
Batting: RHB Raleigh Rowse 0-0: Foul Ball, location: 2F
0-1: Swinging Strike
0-2: Hit by Pitch
Josh Miller to second
Pinch Runner at 1st Jake Walshe:
Batting: RHB Gilberto Gómez 0-0: Ball
1-0: Swinging Strike
1-1: Foul Ball, location: 2F
1-2: Strikes out swinging
Batting: RHB José Pinto 0-0: Swinging Strike
0-1: Ball
1-1: Foul Ball, location: 2F
1-2: Strikes out looking
Batting: RHB Qing-lai Li 0-0: Ball
1-0: Foul Ball, location: 2F
1-1: Ball
2-1: Called Strike
2-2: Foul Ball, location: 2F
2-2: Ball
3-2: Foul Ball, location: 2F
3-2: Foul Ball, location: 2F
3-2: SINGLE (Groundball, 6MD, EV 100.0 MPH)
Josh Miller to third
Jake Walshe to second
Josh Miller scores
Jake Walshe to third
Batting: RHB Tung-chi Zhào 0-0: Ball
1-0: Ball
Qing-lai Li steals 2nd base
2-0: Fly out, F7 (Flyball, 7LM, EV 91.2 MPH)
Bottom of the 2nd over - 1 run, 1 hit, 0 errors, 2 left on base; Quebec City 3 - Hudsonville 3
TOP OF THE 3RD
Quebec City Baby Blues batting - Pitching for Hudsonville Flanderses : RHP Thaddeus Alambra
Now at C: Jake Walshe
Batting: LHB Esteban Reyes 0-0: Foul Ball, location: 2F
0-1: Called Strike
0-2: Strikes out swinging
Batting: LHB Andrew King 0-0: Called Strike
0-1: Foul Ball, location: 2F
0-2: Ball
1-2: Strikes out looking
Batting: RHB António López 0-0: Ball
1-0: Fly out, F7 (Flyball, 7D, EV 100.6 MPH)
Top of the 3rd over - 0 runs, 0 hits, 0 errors, 0 left on base; Quebec City 3 - Hudsonville 3
BOTTOM OF THE 3RD
Hudsonville Flanderses batting - Pitching for Quebec City Baby Blues : RHP Daniel Copeland
Batting: RHB Richie Vickers 0-0: Ball
1-0: Ball
2-0: Ball
3-0: Called Strike
3-1: Base on Balls
Batting: RHB Ricardo Garza 0-0: Swinging Strike
0-1: Foul Ball, location: 2F
0-2: Fly out, F8 (Flyball, 8RS, EV 80.6 MPH)
Batting: RHB Jen-ta Wu 0-0: Ball
1-0: Swinging Strike
1-1: Ball
2-1: Ball
3-1: Swinging Strike
3-2: Ground out 5-3 (Groundball, 56, EV 105.0 MPH)
Richie Vickers to second
Batting: RHB Josh Miller 0-0: Ball
1-0: Swinging Strike
1-1: Ball
2-1: Ground out 6-3 (Groundball, 56, EV 81.2 MPH)
Bottom of the 3rd over - 0 runs, 0 hits, 0 errors, 1 left on base; Quebec City 3 - Hudsonville 3
TOP OF THE 4TH
Quebec City Baby Blues batting - Pitching for Hudsonville Flanderses : RHP Thaddeus Alambra
Batting: RHB Jesús Rivera 0-0: Called Strike
0-1: Ball
1-1: Swinging Strike
1-2: Foul Ball, location: 2F
1-2: Fly out, F9 (Flyball, 9S, EV 88.8 MPH)
Batting: SHB Vicente Padno 0-0: Called Strike
0-1: Called Strike
0-2: Ball
1-2: Ball
2-2: Ball
3-2: Strikes out swinging
Batting: RHB César Pérez 0-0: Foul Ball, location: 2F
0-1: Ball
1-1: Ball
2-1: Ground out 6-3 (Groundball, 56D, EV 82.5 MPH)
Top of the 4th over - 0 runs, 0 hits, 0 errors, 0 left on base; Quebec City 3 - Hudsonville 3
BOTTOM OF THE 4TH
Hudsonville Flanderses batting - Pitching for Quebec City Baby Blues : RHP Daniel Copeland
Batting: RHB Jake Walshe 0-0: Called Strike
0-1: Foul Ball, location: 2F
0-2: Ball
1-2: Strikes out looking
Batting: RHB Gilberto Gómez 0-0: Foul Ball, location: 2F
0-1: Swinging Strike
0-2: Foul Ball, location: 2F
0-2: Ball
1-2: Ball
2-2: Ball
3-2: Base on Balls
Batting: RHB José Pinto 0-0: Ball
1-0: Ball
2-0: Ball
3-0: Called Strike
3-1: Base on Balls
Gilberto Gómez to second
Batting: RHB Qing-lai Li 0-0: Called Strike
0-1: Ball
1-1: SINGLE (Groundball, 56, EV 101.9 MPH) (infield hit)
Gilberto Gómez to third
José Pinto to second
Batting: RHB Tung-chi Zhào 0-0: Grounds into double play, 5-4-3 (Groundball, 25, EV 86.2 MPH)
Bottom of the 4th over - 0 runs, 1 hit, 0 errors, 2 left on base; Quebec City 3 - Hudsonville 3
TOP OF THE 5TH
Quebec City Baby Blues batting - Pitching for Hudsonville Flanderses : RHP Thaddeus Alambra
Pitching: RHP Vincente Pagán
Batting: SHB John Robinson 0-0: Ball
1-0: Ball
2-0: Foul Ball, location: 2F
2-1: SOLO HOME RUN (Flyball, 89XD, EV 99.4 MPH), Distance : 391 ft
Batting: LHB Pete Black 0-0: Called Strike
0-1: Swinging Strike
0-2: Ball
1-2: Fly out, F8 (Flyball, 78S, EV 81.2 MPH)
Batting: RHB Iván Vega 0-0: Called Strike
0-1: Foul Ball, location: 2F
0-2: Ball
1-2: Foul Ball, location: 2F
1-2: Ball
2-2: SINGLE (Line Drive, 78S, EV 99.4 MPH)
Batting: LHB Esteban Reyes 0-0: Foul Ball, location: 2F
0-1: Fly out, F7 (Flyball, 7, EV 88.8 MPH)
Batting: LHB Andrew King 0-0: Ball
1-0: Called Strike
1-1: Called Strike
1-2: Strikes out swinging
Top of the 5th over - 1 run, 2 hits, 0 errors, 1 left on base; Quebec City 4 - Hudsonville 3
BOTTOM OF THE 5TH
Hudsonville Flanderses batting - Pitching for Quebec City Baby Blues : RHP Daniel Copeland
Batting: RHB Richie Vickers 0-0: Called Strike
0-1: Ball
1-1: SINGLE (Line Drive, 9S, EV 103.1 MPH)
Batting: RHB Ricardo Garza 0-0: Called Strike
0-1: Foul Ball, location: 2F
0-2: Ball
1-2: Strikes out swinging
Batting: RHB Jen-ta Wu 0-0: Ball
1-0: Foul Ball, location: 2F
1-1: Called Strike
1-2: Ball
2-2: Strikes out swinging
Batting: RHB Josh Miller 0-0: Ball
1-0: Ball
2-0: Called Strike
2-1: Called Strike
2-2: Fielders Choice at 2nd, 5-4 (Groundball, 56, EV 85.6 MPH)
Bottom of the 5th over - 0 runs, 1 hit, 0 errors, 1 left on base; Quebec City 4 - Hudsonville 3
TOP OF THE 6TH
Quebec City Baby Blues batting - Pitching for Hudsonville Flanderses : RHP Vincente Pagán
Batting: RHB António López 0-0: Called Strike
0-1: Foul Ball, location: 2F
0-2: Fly out, F8 (Flyball, 8LD, EV 106.9 MPH)
Batting: RHB Jesús Rivera 0-0: Ball
1-0: Foul Ball, location: 2F
1-1: Ground out 5-3 (Groundball, 56, EV 90.0 MPH)
Batting: SHB Vicente Padno 0-0: Foul Ball, location: 2F
0-1: Swinging Strike
0-2: Strikes out swinging
Top of the 6th over - 0 runs, 0 hits, 0 errors, 0 left on base; Quebec City 4 - Hudsonville 3
BOTTOM OF THE 6TH
Hudsonville Flanderses batting - Pitching for Quebec City Baby Blues : RHP Daniel Copeland
Batting: RHB Jake Walshe 0-0: Ball
1-0: Swinging Strike
1-1: Ball
2-1: Foul Ball, location: 2F
2-2: Strikes out swinging
Pitching: RHP Johnny Bowling
Batting: RHB Gilberto Gómez 0-0: Foul Ball, location: 2F
0-1: Foul Ball, location: 2F
0-2: Ball
1-2: SINGLE (Line Drive, 89S, EV 93.8 MPH)
Batting: RHB José Pinto 0-0: Foul Ball, location: 2F
0-1: Ball
1-1: SINGLE (Line Drive, 89M, EV 93.8 MPH)
Gilberto Gómez to second
Runner from 2nd tries for 3rd, SAFE, throw by RF made to third
Batting: RHB Qing-lai Li 0-0: Foul Ball, location: 2F
0-1: Fly out, F8 (Flyball, 8LM, EV 90.6 MPH)
Batting: RHB Tung-chi Zhào 0-0: Ball
1-0: Called Strike
1-1: Called Strike
1-2: Strikes out swinging
Bottom of the 6th over - 0 runs, 2 hits, 0 errors, 2 left on base; Quebec City 4 - Hudsonville 3
TOP OF THE 7TH
Quebec City Baby Blues batting - Pitching for Hudsonville Flanderses : RHP Vincente Pagán
Batting: RHB César Pérez 0-0: Swinging Strike
0-1: Swinging Strike
0-2: Ball
1-2: Ball
2-2: Foul Ball, location: 2F
2-2: Ball
3-2: Foul Ball, location: 2F
3-2: Foul Ball, location: 2F
3-2: Base on Balls
Batting: SHB John Robinson 0-0: Ball
César Pérez is caught stealing 2nd base 2-6
1-0: Called Strike
1-1: Foul Ball, location: 2F
1-2: Foul Ball, location: 2F
1-2: Foul Ball, location: 2F
1-2: Ball
2-2: Ball
3-2: Ground out 4-3 (Groundball, 4M, EV 100.6 MPH)
Batting: LHB Pete Black 0-0: Ball
1-0: Ground out 5-3 (Groundball, 5D, EV 93.8 MPH)
Top of the 7th over - 0 runs, 0 hits, 0 errors, 0 left on base; Quebec City 4 - Hudsonville 3
BOTTOM OF THE 7TH
Hudsonville Flanderses batting - Pitching for Quebec City Baby Blues : RHP Johnny Bowling
Batting: RHB Richie Vickers 0-0: Ball
1-0: Called Strike
1-1: Foul Ball, location: 2F
1-2: Strikes out swinging
Batting: RHB Ricardo Garza 0-0: Called Strike
0-1: Ball
1-1: Foul Ball, location: 2F
1-2: Foul Ball, location: 2F
1-2: Ball
2-2: Strikes out looking
Batting: RHB Jen-ta Wu 0-0: Ball
1-0: Swinging Strike
1-1: Foul Ball, location: 2F
1-2: Ball
2-2: Strikes out swinging
Bottom of the 7th over - 0 runs, 0 hits, 0 errors, 0 left on base; Quebec City 4 - Hudsonville 3
TOP OF THE 8TH
Quebec City Baby Blues batting - Pitching for Hudsonville Flanderses : RHP Vincente Pagán
Batting: RHB Iván Vega 0-0: Ball
1-0: Foul Ball, location: 2F
1-1: Hit by Pitch
Batting: LHB Esteban Reyes 0-0: Ball
1-0: Called Strike
1-1: Ball
2-1: Foul Ball, location: 2F
2-2: Foul Ball, location: 2F
2-2: Foul Ball, location: 2F
2-2: Foul Ball, location: 2F
2-2: Ball
3-2: Foul Ball, location: 2F
3-2: DOUBLE (Groundball, 5L, EV 98.1 MPH)
Iván Vega to third
Pitching: RHP Francisco Suárez
Batting: LHB Andrew King 0-0: Called Strike
0-1: Ball
1-1: Ball
2-1: SINGLE (Groundball, 56, EV 94.4 MPH)
Iván Vega scores
Esteban Reyes to third
Runner from 3rd tries for Home, SAFE, throw by LF to home
Batting: RHB António López 0-0: Ball
1-0: SINGLE (Groundball, 34D, EV 95.6 MPH)
Andrew King to second
Runner from 2nd tries for 3rd, SAFE, throw by RF made to third
Batting: RHB Jesús Rivera 0-0: Swinging Strike
0-1: Fly out, F8 (Flyball, 89M, EV 88.1 MPH)
Runner from 3rd tags up, OUT at HOME! 8-2
António López to second
Batting: SHB Vicente Padno 0-0: Fly out, F8 (Flyball, 8RD, EV 88.8 MPH)
Top of the 8th over - 2 runs, 3 hits, 0 errors, 1 left on base; Quebec City 6 - Hudsonville 3
BOTTOM OF THE 8TH
Hudsonville Flanderses batting - Pitching for Quebec City Baby Blues : RHP Johnny Bowling
Batting: RHB Josh Miller 0-0: Foul Ball, location: 2F
0-1: Ball
1-1: Ground out 5-3 (Groundball, 5S, EV 85.0 MPH)
Batting: RHB Jake Walshe 0-0: Ball
1-0: Ball
2-0: Ball
3-0: Base on Balls
Batting: RHB Gilberto Gómez 0-0: Ball
1-0: Foul Ball, location: 2F
1-1: Swinging Strike
1-2: Ball
2-2: Fly out, F4 (Popup, 4S, EV 73.8 MPH)
Batting: RHB José Pinto 0-0: 2-RUN HOME RUN (Flyball, 7LD, EV 96.2 MPH), Distance : 370 ft
Batting: RHB Qing-lai Li 0-0: Called Strike
0-1: Swinging Strike
0-2: Strikes out swinging
Bottom of the 8th over - 2 runs, 1 hit, 0 errors, 0 left on base; Quebec City 6 - Hudsonville 5
TOP OF THE 9TH
Quebec City Baby Blues batting - Pitching for Hudsonville Flanderses : RHP Francisco Suárez
Batting: RHB César Pérez 0-0: Ball
1-0: Ball
2-0: Ball
3-0: Base on Balls
Batting: SHB John Robinson 0-0: Ball
1-0: Called Strike
1-1: Fly out, F8 (Flyball, 89D, EV 78.1 MPH)
Batting: LHB Pete Black Balk!
César Pérez to second
0-0: Intentional Walk
Batting: RHB Iván Vega 0-0: Called Strike
César Pérez is caught stealing 3rd base 2-5
Pete Black to second
0-1: Foul Ball, location: 2F
0-2: Foul Ball, location: 2F
0-2: DOUBLE (Line Drive, 78D, EV 108.1 MPH)
Pete Black scores
Batting: LHB Esteban Reyes 0-0: Foul Ball, location: 2F
0-1: Called Strike
0-2: Ball
1-2: Ball
2-2: Foul Ball, location: 2F
2-2: Ball
3-2: Fly out, F8 (Flyball, 8RXD, EV 90.0 MPH)
Top of the 9th over - 1 run, 1 hit, 0 errors, 1 left on base; Quebec City 7 - Hudsonville 5
BOTTOM OF THE 9TH
Hudsonville Flanderses batting - Pitching for Quebec City Baby Blues : RHP Johnny Bowling
Pitching: RHP Sosa Kiyomizu
Batting: RHB Tung-chi Zhào 0-0: Swinging Strike
0-1: Ball
1-1: Called Strike
1-2: Ball
2-2: Reached on error, E6 (Groundball, 6, EV 103.1 MPH)
Batting: RHB Richie Vickers 0-0: Ball
1-0: Swinging Strike
1-1: Ball
2-1: Foul Ball, location: 2F
2-2: SINGLE (Line Drive, 5D, EV 96.2 MPH)
Tung-chi Zhào to second
Batting: RHB Ricardo Garza 0-0: Called Strike
0-1: Ball
1-1: Ball
2-1: Foul Ball, location: 2F
2-2: SINGLE (Groundball, 5D, EV 98.1 MPH)
Tung-chi Zhào to third
Richie Vickers to second
Batting: RHB Jen-ta Wu 0-0: Ball
1-0: Swinging Strike
1-1: Swinging Strike
1-2: Strikes out swinging
Batting: RHB Josh Miller 0-0: Foul Ball, location: 2F
0-1: Swinging Strike
0-2: Foul Ball, location: 2F
0-2: Ball
1-2: Strikes out swinging
Pinch Hitting: RHB Zheng-ze Huang 0-0: Foul Ball, location: 2F
0-1: Called Strike
0-2: Foul Ball, location: 2F
0-2: Ball
1-2: SINGLE (Groundball, 6MD, EV 101.2 MPH)
Tung-chi Zhào scores
Richie Vickers to third
Ricardo Garza to second
Runner from 3rd tries for Home, SAFE, throw by CF to home
Batting: RHB Gilberto Gómez 0-0: Ball
1-0: Ball
2-0: Called Strike
2-1: Foul Ball, location: 2F
2-2: Strikes out looking
Bottom of the 9th over - 2 runs, 3 hits, 1 error, 2 left on base; Quebec City 7 - Hudsonville 7
TOP OF THE 10TH
Quebec City Baby Blues batting - Pitching for Hudsonville Flanderses : RHP Francisco Suárez
Now at C: Zheng-ze Huang
Batting: LHB Andrew King 0-0: Fly out, F8 (Flyball, 8RD, EV 77.5 MPH)
Batting: RHB António López 0-0: Ball
1-0: Fly out, F9 (Flyball, 89M, EV 83.8 MPH)
Batting: LHB Dan Rouse 0-0: Ground out 3-1 (Groundball, 34S, EV 88.1 MPH)
Top of the 10th over - 0 runs, 0 hits, 0 errors, 0 left on base; Quebec City 7 - Hudsonville 7
BOTTOM OF THE 10TH
Hudsonville Flanderses batting - Pitching for Quebec City Baby Blues : RHP Sosa Kiyomizu
Pitching: RHP Ho Pang
Batting: RHB José Pinto 0-0: Ball
1-0: Called Strike
1-1: Foul Ball, location: 2F
1-2: Strikes out swinging
Batting: RHB Qing-lai Li 0-0: Ball
1-0: Called Strike
1-1: Called Strike
1-2: Ball
2-2: Ball
3-2: Fly out, F7 (Flyball, 78M, EV 88.8 MPH)
Batting: RHB Tung-chi Zhào 0-0: Swinging Strike
0-1: Ball
1-1: Ground out 6-3 (Groundball, 6, EV 98.1 MPH)
Bottom of the 10th over - 0 runs, 0 hits, 0 errors, 0 left on base; Quebec City 7 - Hudsonville 7
TOP OF THE 11TH
Quebec City Baby Blues batting - Pitching for Hudsonville Flanderses : RHP Francisco Suárez
Batting: SHB Vicente Padno 0-0: Ball
1-0: Foul Ball, location: 2F
1-1: Foul Ball, location: 2F
1-2: Foul Ball, location: 2F
1-2: Ground out 3-1 (Groundball, 34S, EV 86.2 MPH)
Batting: RHB César Pérez 0-0: Swinging Strike
0-1: Ball
1-1: Foul Ball, location: 2F
1-2: Ball
2-2: Fly out, F7 (Flyball, 78D, EV 100.0 MPH)
Batting: SHB John Robinson 0-0: Called Strike
0-1: Swinging Strike
0-2: Ball
1-2: Fly out, F2 (Popup, 23F, EV 83.8 MPH)
Top of the 11th over - 0 runs, 0 hits, 0 errors, 0 left on base; Quebec City 7 - Hudsonville 7
BOTTOM OF THE 11TH
Hudsonville Flanderses batting - Pitching for Quebec City Baby Blues : RHP Ho Pang
Batting: RHB Richie Vickers 0-0: Called Strike
0-1: Ball
1-1: SOLO HOME RUN (Flyball, 9D, EV 99.4 MPH), Distance : 363 ft
Bottom of the 11th over - 1 run, 1 hit, 0 errors, 0 left on base; Quebec City 7 - Hudsonville 8
Friday, March 31st , 2023 - OOTP Baseball 23.10 Build 110